 Dungeon Crawl Stone Soup version 0.29-a0-878-g7b45a56547 (webtiles) character file.

Game seed: 17755988165121772822

17 buhh the Shield-Bearer (level 3, 31/31 HPs)
             Began as a Meteoran Fighter on July 19, 2022.
             Quit the game on level 1 of the Dungeon.
             The game lasted 00:00:52 (380 turns).

buhh the Shield-Bearer (Meteoran Fighter)            Turns: 380, Time: 00:00:53

Health: 31/31      AC:  8    Str: 17    XL:     3   Next: 2%
Magic:  4/4        EV:  9    Int: 11    God:
Gold:   35         SH:  5    Dex: 14    Spells: 2/2 levels left

rFire   . . .      SeeInvis .   a - +0 war axe
rCold   . . .      Faith    .   c - +0 buckler
rNeg    . . .      Spirit   .   b - +0 scale mail
rPois   .          Reflect  .   f - +0 helmet
rElec   .          Harm     .   (no cloak)
rCorr   .          Rampage  .   (no gloves)
Will    .....                   (no boots)
Stlth   ..........              (no amulet)
HPRegen 0.10/turn               (no ring)
MPRegen 0.09/turn               (no ring)

@: glowing
A: sense surroundings 1, otherworldly, glowing, explore regen
a: no special abilities


You were on level 1 of the Dungeon.
You visited 1 branch of the dungeon, and saw 1 of its levels.

You collected 35 gold pieces.

Inventory:

Hand Weapons
 a - a +0 war axe (weapon)
Armour
 b - a +0 scale mail (worn)
 c - a +0 buckler (worn)
 e - a scarf of invisibility
 f - a +0 helmet (worn)
Scrolls
 d - a scroll of enchant armour {unknown}
 g - 2 scrolls of identify {unknown}
 i - a scroll of silence {unknown}
Potions
 h - a potion of attraction {unknown}
 m - 2 potions of might


   Skills:
 + Level 3.5 Fighting
 + Level 2.7 Axes
 - Level 4.0 Armour
 - Level 4.0 Shields


You had 2 spell levels left.
You didn't know any spells.
Your spell library contained the following spells:

 Spells                   Type           Power      Damage    Failure   Level
 Necrotise                Necr           0%         1d4       83%         1
 Vampiric Draining        Necr           0%         2d6       99%         3
 Agony                    Necr           0%         N/A       100%        5


Dungeon Overview and Level Annotations

Branches:
Dungeon (1/15) Zot: 205

Altars:


Innate Abilities, Weirdness & Mutations

You passively map a small area around you.
You are easily found by Zot.
You glow in the dark.
You regain HP and MP as you explore.


Message History

The frilled lizard bites you but does no damage.
The frilled lizard bites you.
You miss the frilled lizard. The frilled lizard barely misses you.
You barely miss the frilled lizard.
The frilled lizard completely misses you.
You barely miss the frilled lizard.
You block the frilled lizard's attack. x2
You slash the frilled lizard!
You kill the frilled lizard!
No target in view!
No target in view!
i - a scroll labelled HAWOIL OKOQUIB An endoplasm comes into view.
An endoplasm is nearby!
An endoplasm is nearby!
You block the endoplasm's attack.
You slash the endoplasm!
You kill the endoplasm!
No target in view!
No target in view!
You pick up a book of Necromancy and begin reading...
You add the spells Necrotise, Vampiric Draining and Agony to your library.
A bat comes into view.
A bat is nearby!
A bat is nearby!
The bat hits you but does no damage.
You closely miss the bat. The bat barely misses you.
You miss the bat. You block the bat's attack.
The bat hits you but does no damage. The bat hits you but does no damage.
The bat barely misses you.
You completely miss the bat. The bat barely misses you.
You slash the bat!
You kill the bat!
You have reached level 3!
Your experience leads to an increase in your attributes!
Increase (S)trength, (I)ntelligence, or (D)exterity?
You feel clever. x2; You feel agile.
Done exploring.
Unknown command.
Are you sure you want to abandon this character and quit the game? (Confirm with "yes".)

#............#..###
###..>.............
###.......###....
#......##...#..
###########.#......##...
#.......# #.##..#####...
#.......# #.##....#.....
#.......###.###.#...#...
#......@.##.....##......
#.......................
########.##.....##.#....
#........#.........
#.......##...#.....
#..................
#..................
###.####..####....##
#....#....# #.#....


There were no monsters in sight!

Vanquished Creatures
  A ball python (D:1)
  2 bats (D:1)
  5 endoplasms (D:1)
  3 goblins (D:1)
  A frilled lizard (D:1)
  2 rats (D:1)
14 creatures vanquished.

Notes
Turn   | Place    | Note
-------+----------+-------------------------------------------
     0 | D:1      | buhh the Meteoran Fighter began the quest for the Orb.
     0 | D:1      | Reached XP level 1. HP: 19/19 MP: 2/2
   129 | D:1      | Reached XP level 2. HP: 26/26 MP: 3/3
   364 | D:1      | Reached XP level 3. HP: 31/31 MP: 4/4
   380 | D:1      | Quit the game

Illustrated notes

Levels and vault maps discovered:
D:1:      saegor_arrival_simple_e, layout_rooms

Skill      XL: |  1  2 |
---------------+-------+-----
Armour         | 4 |  4.0
Shields        | 4 |  4.0
Fighting       | |  3.5
Axes           | |  2.7

Action                   || total
-------------------------++-------
Melee: War axe           ||    36
Armor: Scale mail        ||    15
Dodge: Dodged            ||    12
Block: Buckler           ||     8

Table legend: (Time is in decaauts)
 A = Elapsed time spent in this place.
 B = Non-inter-level travel time spent in this place.
 C = Inter-level travel time spent in this place.
 D = Time resting spent in this place.
 E = Time spent auto-exploring this place.
 F = Levels seen in this place.
 G = Mean time per level.
                   A        B        C        D        E       F      G
               +--------+--------+--------+--------+--------+-----+--------+
         Total |    394 |    394 |      0 |      0 |    254 |   1 |  394.0 |
       Dungeon |    394 |    394 |      0 |      0 |    254 |   1 |  394.0 |
               +--------+--------+--------+--------+--------+-----+--------+

Top non-repeatable levels by time:
     D:1: 394 daAuts
